Map: Odyssey LE

Players

liquidthermy (uThermal)

  • Race: Terran Terran
  • League: Grandmaster
  • Spawn Location: 11:00

JJAKJI - Winner!

  • Race: Terran Terran
  • League: Platinum
  • Spawn Location: 5:00

Event: HomeStory Cup XVI

VOD

Have the link to the VOD?

Description

Time

  • Played on: Nov. 11, 2017, 3:53 p.m.
  • Length: 7:26

All games in this series

Show
View Real Time Build Order
Export as new Build Order

liquidthermy Terran 

Build Orders: Liberator Opening 

Get SALT Encoding   

  12  0:01  SCV  
  13  0:13  SCV  
  14  0:17  Supply Depot  
  14  0:25  SCV  
  14  0:27  Refinery  
  15  0:38  SCV  
  16  0:44  Barracks  
  16  0:50  SCV  
  17  1:02  SCV  
  18  1:14  SCV  
  19  1:31  Reaper, Orbital Command  
  20  1:41  Refinery  
  20  1:47  Factory  
  20  1:53  Supply Depot  
  20  1:57  SCV  
  21  2:03  Marine  
  22  2:09  SCV  
  22  2:20  Marine  
  22  2:21  SCV  
  22  2:32  Hellion  
  22  2:33  SCV  
  24  2:40  Marine  
  23  2:45  SCV  
  23  2:51  Starport  
  23  2:54  Hellion  
  23  2:57  SCV  
  23  2:58  Marine  
  27  3:03  Supply Depot  
  27  3:09  SCV  
  28  3:13  Liberator  
  28  3:15  Cyclone  
  31  3:24  SCV  
  32  3:28  Barracks Reactor  
  35  3:36  SCV  
  36  3:49  SCV  
  37  4:04  Command Center  
  37  4:08  Marine  
  37  4:09  Marine  
  39  4:13  Supply Depot  
  39  4:14  Factory Tech Lab  
  39  4:21  Starport Tech Lab  
  39  4:34  SCV, Engineering Bay, Marine  
  38  4:46  SCV  
  38  4:48  Marine  
  38  4:52  Marine  
  39  4:53  Raven  
  39  4:58  SCV  
  38  5:04  Siege Tank  
  41  5:07  Marine  
  41  5:10  Marine  
  41  5:12  SCV  
  44  5:24  SCV  
  44  5:25  Marine  
  44  5:27  Marine  
  47  5:34  Orbital Command  
  45  5:36  SCV  
  46  5:48  SCV  
  47  5:52  Refinery  
  47  5:54  Barracks x2  
  47  5:57  Factory Reactor  
  47  5:59  Marine  
  47  6:00  SCV  
  49  6:06  SCV  
  50  6:12  SCV  
  50  6:17  Marine  
  52  6:18  SCV  
  52  6:24  SCV  
  52  6:25  Supply Depot  
  53  6:31  SCV  
  54  6:35  Marine  
  54  6:36  SCV  
  54  6:37  Supply Depot  
  56  6:41  Factory Tech Lab  
  56  6:43  SCV  
  57  6:47  Marine x2, Bunker  
  57  6:49  SCV, Marine x2  
  57  6:52  Marine  
  63  6:55  SCV  
  63  6:57  Supply Depot  
  63  7:01  SCV, Bunker  
  65  7:05  Marine x2  
  65  7:07  SCV  
  64  7:13  SCV  
  51  7:21  Starport Reactor  
Show
View Real Time Build Order
Export as new Build Order

JJAKJI Terran - Winner!

Build Orders:  

Get SALT Encoding   

  12  0:00  SCV  
  13  0:13  SCV  
  14  0:18  Supply Depot  
  14  0:25  SCV  
  15  0:40  Barracks  
  15  0:45  Refinery  
  15  0:58  Barracks  
  15  1:02  SCV  
  16  1:14  SCV  
  16  1:15  Refinery  
  17  1:26  SCV  
  17  1:27  Reaper  
  19  1:38  Orbital Command  
  19  1:45  Reaper  
  20  1:55  Supply Depot  
  20  2:00  Reaper  
  21  2:06  SCV  
  21  2:20  Factory  
  21  2:23  SCV  
  22  2:32  Reaper  
  23  2:42  SCV  
  24  2:54  SCV  
  24  3:04  Cyclone  
  27  3:06  Starport, SCV  
  27  3:11  Supply Depot  
  28  3:18  SCV  
  29  3:30  SCV  
  30  3:36  Cyclone  
  33  3:42  SCV  
  33  3:43  Viking  
  36  3:54  SCV  
  36  4:01  Command Center  
  36  4:08  SCV  
  37  4:10  Factory Tech Lab  
  37  4:13  Supply Depot  
  37  4:20  SCV  
  38  4:33  Viking  
  38  4:34  Siege Tank  
  38  4:35  Barracks Reactor  
  41  4:40  SCV  
  42  4:52  SCV  
  41  5:04  SCV  
  41  5:07  Siege Tank  
  45  5:16  SCV  
  45  5:17  Refinery  
  45  5:20  Viking  
  48  5:24  Viking  
  50  5:28  SCV  
  51  5:36  Orbital Command  
  51  5:40  SCV  
  51  5:42  Siege Tank  
  55  5:52  SCV  
  56  5:59  Supply Depot  
  56  6:00  Refinery  
  56  6:01  Viking  
  56  6:03  Viking  
  60  6:05  SCV  
  60  6:07  SCV  
  62  6:21  SCV x2, Siege Tank  
  62  6:22  Supply Depot  
  62  6:23  Barracks Tech Lab  
  67  6:33  SCV x2  
  69  6:42  Supply Depot  
  69  6:45  SCV x2  
  74  6:50  Marine  
  75  6:57  SCV x2  
  78  7:09  SCV x2  
Tags
 
Add a new tag
Caveats
  • Supply blocks, unpowered buildings, or Contaminate may cause inaccurate times.
  • Supply counts are checked every 10 seconds.